 Dungeon Crawl Stone Soup version 0.18.1-6-gd335043 (webtiles) character file.

306 Scarto the Skirmisher (level 6, 0/40 HPs)
             Began as a Gargoyle Fighter on May 20, 2016.
             Slain by an ogre
             ... wielding a +0 giant spiked club
              (18 damage)
             ... on level 4 of the Dungeon.
             The game lasted 00:05:49 (2890 turns).

Scarto the Skirmisher (Gargoyle Fighter)            Turns: 2890, Time: 00:05:49

Health: 0/40       AC: 17    Str: 21    XL:     6   Next: 39%
Magic:  6/6        EV:  5    Int:  9    God:
Gold:   168        SH:  9    Dex:  9    Spells: 0 memorised, 5 levels left

rFire  . . .     SeeInvis .     a - +1 war axe
rCold  . . .     Gourm    .     f - +0 chain mail
rNeg   + . .     Faith    .     c - +0 shield
rPois  ∞         Spirit   .     (no helmet)
rElec  +         Dismiss  .     d - +2 cloak
rCorr  .         Reflect  .     (no gloves)
SustAt .         Harm     .     (no boots)
MR     .....                    (no amulet)
Stlth  ..........               (no ring)
                                (no ring)

@: not resistant to hostile enchantments, extremely unstealthy
A: negative energy resistance 1, electricity resistance, unbreathing,
petrification resistance, rot immunity, AC +4
a: no special abilities


You were on level 4 of the Dungeon.
You were not hungry.

You visited 1 branch of the dungeon, and saw 4 of its levels.

You collected 168 gold pieces.

Inventory:

Hand Weapons
 a - a +1 war axe (weapon)
Armour
 b - a +0 scale mail
 c - a +0 shield (worn)
 d - a +2 cloak (worn)
 f - a +0 chain mail (worn)
Scrolls
 e - 3 scrolls of fog
 g - 3 scrolls of identify
 i - a scroll of teleportation {unknown}
 j - a scroll of random uselessness {unknown}
 k - a scroll of enchant weapon
 n - a scroll of amnesia {unknown}
Potions
 h - 2 potions of brilliance
 m - a potion of haste
 o - a potion of lignification
 q - a potion of mutation {unknown}
Comestibles
 l - a beef jerky
 p - 2 royal jellies


   Skills:
 + Level 4.8 Fighting
 + Level 3.3 Axes
 + Level 4.6 Armour
 + Level 4.7 Shields


You had 5 spell levels left.
You didn't know any spells.

Dungeon Overview and Level Annotations

Branches:
Dungeon (4/15)             Temple (0/1) D:4

Altars:
Ru
Sif Muna


Innate Abilities, Weirdness & Mutations

You are resistant to torment.
Your stone body is resilient (AC +4).
You are immune to poison.
You resist negative energy.
You are resistant to electric shocks.
You can survive without breathing.
You are immune to petrification.
You are immune to rotting.


Message History

The ogre is lightly wounded.
The ogre hits you but does no damage.
You slash the ogre!
The ogre is heavily wounded.
The ogre hits you with a giant spiked club!
You are too injured to fight recklessly!
You are too injured to fight recklessly!
You are too injured to fight recklessly!
You are too injured to fight recklessly!
You are too injured to fight recklessly!
You are too injured to fight recklessly!
You are too injured to fight recklessly!
You are too injured to fight recklessly!
You hit the ogre.
The ogre is heavily wounded.
The ogre hits you with a giant spiked club.
You hit the ogre.
The ogre is severely wounded.
The ogre hits you with a giant spiked club!!
You die...

#. #####. #+## #.....
##...##
#.....########.....#
......##.......(..# ###
##.##.##.##.......#
....#.........#.......#
#..........(........##
#.#..@...⌠..#........#
#.O.......#.#†....##
#......>......##...##
#.#.........#####'## #
#..⌠...⌠..#####.#
................#
##........)####..##
##.##.##.## ##...##
#.....##


You could see an ogre.

Vanquished Creatures
  The ghost of M4edhros the Poker, an amateur FoFi (D:3)
  A hound (D:3)
  A giant frog skeleton (D:4)
  Terence (D:2)
  A worker ant (D:4)
  A gnoll (D:1)
  2 adders
  An adder skeleton (D:4)
  3 worms
  3 dart slugs
  2 giant geckos
  An orc (D:4)
  3 giant cockroaches
  7 goblins
  12 hobgoblins
  A quokka (D:4)
  2 ball pythons (D:2)
  7 bats
  10 giant newts
  12 kobolds
  6 rats
78 creatures vanquished.

Notes
Turn   | Place    | Note
--------------------------------------------------------------
     0 | D:1      | Scarto the Gargoyle Fighter began the quest for the Orb.
     0 | D:1      | Reached XP level 1. HP: 14/14 MP: 1/1
   449 | D:1      | Reached XP level 2. HP: 19/19 MP: 2/2
   666 | D:1      | Reached XP level 3. HP: 1/24 MP: 3/3
  1324 | D:2      | Noticed Terence
  1339 | D:2      | Killed Terence
  1339 | D:2      | Reached XP level 4. HP: 27/29 MP: 4/4
  1994 | D:3      | Reached XP level 5. HP: 33/33 MP: 5/5
  2317 | D:3      | Noticed M4edhros's ghost (amateur FoFi)
  2322 | D:3      | Killed M4edhros's ghost
  2355 | D:3      | Reached XP level 6. HP: 39/39 MP: 6/6
  2662 | D:3      | Found a sacrificial altar of Ru.
  2799 | D:4      | Found a deep blue altar of Sif Muna.
  2876 | D:4      | Found a staircase to the Ecumenical Temple.
  2890 | D:4      | Slain by an ogre

Skill      XL: |  1  2  3  4  5 |
---------------+----------------+-----
Axes           | 2 3 |  3.3
Fighting       | 4 |  4.8
Shields        | 4 |  4.7
Armour         | 4 |  4.6

Action                   |  1- 3 |  4- 6 || total
-------------------------+-------+-------++-------
Melee: War axe           |   141 |   164 ||   305
  Use: Scroll            |       |     8 ||     8
       Potion            |       |     1 ||     1
  Eat: Bread ration      |     1 |     1 ||     2
Armor: Scale mail        |    81 |       ||    81
       Chain mail        |    20 |    83 ||   103
Dodge: Dodged            |    46 |    35 ||    81
Block: Shield            |    78 |    82 ||   160
